[Event "*** Titled Tuesday Blitz"]
[Site "Chess.com"]
[Date "2021.03.09"]
[Round "8"]
[White "SantoBlue"]
[Black "GigaQuparadze"]
[Result "1-0"]
[WhiteElo "2868"]
[BlackElo "2954"]
[TimeControl "180+1"]
[EndTime "11:33:37 PST"]
[Termination "SantoBlue won by resignation"]

1. e4 c5 2. Nc3 e6 3. g3 a6 4. Bg2 b5 5. Nh3 Bb7 6. O-O b4 7. Ne2 d5 8. d3 dxe4 9. Ng5 Nf6 10. Nf4 Be7 11. Nh5 Nxh5 12. Qxh5 Bxg5 13. Bxg5 Qc7 14.
Bf4 Qe7 15. dxe4 Nc6 16. Rad1 g6 17. Qh6 Nd4 18. Be5 f6 19. Bxd4 cxd4 20. Rxd4 e5 21. Rd2 Rd8 22. Rxd8+ Kxd8 23. Qe3 Kc7 24. c3 Kb8 25.
Qb6 bxc3 26. bxc3 Rd8 27. Rb1 Rd6 28. Qe3 Qd7 29. Bf1 Ka8 30. f3 Qc7 31. Be2 Qa5 32.
Rb2 Qa3 33. Qc1 Rb6 34. Rc2 Qc5+ 35. Kg2 f5 36. exf5 gxf5 37. Qg5 e4 38. Qd8+ Ka7 39.
Qd4 Qc6 40. Kf2 exf3 41. Bd3 Ka8 42. Bxf5 Rb5 43. Qd8+ Ka7 44. Qd4+ Kb8 45. Bd3 Rh5 46. h4 Qc7 47. Rb2 Ra5 48. Be4 Rb5 49. Rxb5 axb5 50. Bxb7 Kxb7 51. Kxf3 Qf7+ 52. Ke3 Qxa2 53. Qe4+ Kb6 54. Qxh7 Qg2 55. Qg6+ Kc5 56. h5 Qg1+ 57. Kf4 Qc1+ 58. Kg4 Qd1+ 59. Kh4 Qh1+ 60. Kg5 Qc1+ 61. Kf5 Qc2+ 62. Ke6 Qxc3 63. h6 Qc4+ 64. Ke7 Qe2+ 65. Kf7 Qf2+ 66. Kg7 Qd4+ 67. Qf6 Qd7+ 68. Kf8 Qc8+ 69.
Kf7 Qh3 70. Qg5+ Kb6 71. Qg6+ Ka5 72. h7 Qd7+ 73. Kg8 Qd5+ 74. Kg7 Qb7+ 75. Kh6 Qh1+ 76. Kg5 Qc1+ 77. Kh4 Qh1+ 78. Kg5 Qc1+ 79. Kf6 Qc3+ 80. Kf7 Qc7+ 81. Kg8 Qb8+ 82. Kg7 Qb7+ 83. Qf7 Qf3 84. Qxf3 1-0

[Event "*** Titled Tuesday Blitz"]
[Site "Chess.com"]
[Date "2021.03.09"]
[Round "8"]
[White "Diamantidis_13"]
[Black "IMAghasiyevKamal"]
[Result "1/2-1/2"]
[WhiteElo "2374"]
[BlackElo "2488"]
[TimeControl "180+1"]
[EndTime "11:33:40 PST"]
[Termination "Game drawn - insufficient material"]

1. d4 d5 2. c4 e6 3. Nf3 Nf6 4. g3 Be7 5. Bg2 O-O 6. O-O c6 7. Qc2 b6 8. Rd1 Bb7 9. b3 Na6 10. a3 Rc8 11. Nc3 c5 12. Ne5 cxd4 13. Rxd4 Nc5 14.
Bb2 Bd6 15. Ng4 Nfe4 16. Nxe4 Nxe4 17. Bxe4 dxe4 18. Rad1 Qg5 19. Nf6+ Qxf6 20. Rxd6 Qf5 21. Rd7 Bc6 22. Rxa7 b5 23. Qc3 f6 24. c5 Bd5 25.
b4 e3 26. Qxe3 Qc2 27. Qd2 Qg6 28. f3 Bb3 29. Rf1 Rcd8 30. Qf4 Bc4 31. c6 e5 32. Qg4 Qxg4 33. fxg4 Rc8 34. c7 Rf7 35. a4 Rfxc7 36. Rxc7 Rxc7 37. a5 Bxe2 38. Rc1 Rxc1+ 39. Bxc1 Bxg4 40.
a6 Kf7 41. Kf2 Bc8 42. a7 Bb7 43. Ke3 Ke6 44. Kd3 Kd5 45. Be3 f5 46. Bc5 g5 47.
Be7 g4 48. Bg5 Ke6 49. Be3 h5 50. Bd2 h4 51. Be3 h3 52. Bf2 Kd5 53. Be3 f4 54. Bf2 e4+ 55. Ke2 e3 56. Be1 Ke4 57. gxf4 Kxf4 58.
Bg3+ Ke4 59. Bc7 Kd4 60. Ke1 Kc4 61. Ke2 Kxb4 62. Kxe3 Kc4 63. Kf4 b4 64. Kxg4 Kd5 65. Ba5 b3 66. Bc3 Kc6 67. Bb2 Kb6 68. Kxh3 Kxa7 69.
Kg3 Kb6 70. Kf4 Kc5 71. Ke3 Kc4 72. Kf4 Kd3 73. h4 Kc2 74. Be5 Kd3 75. h5 Be4 76. h6 Bh7 77. Kg5 Be4 78. Kf6 Kc4 79. Kg7 Kd5 80. Bb2 Ke6 81. h7 Bxh7 82. Kxh7 Kf5 83.
Kh6 Ke4 84. Bc3 Kd3 85. Bf6 Ke4 86. Bg7 Kd5 87. Kg5 b2 88. Bxb2 1/2-1/2

[Event "*** Titled Tuesday Blitz"]
[Site "Chess.com"]
[Date "2021.03.09"]
[Round "8"]
[White "Alexsur1981"]
[Black "MITerryble"]
[Result "1/2-1/2"]
[WhiteElo "2837"]
[BlackElo "2942"]
[TimeControl "180+1"]
[EndTime "11:33:45 PST"]
[Termination "Game drawn by repetition"]

1. e4 e6 2. d4 d5 3. Nc3 Nf6 4. Bg5 Bb4 5. exd5 Qxd5 6. Bxf6 Bxc3+ 7. bxc3 gxf6 8. Nf3 Bd7 9. g3 Bc6 10. Bg2 Qe4+ 11. Qe2 Qxe2+ 12. Kxe2 Nd7 13. Rhd1 O-O-O 14. c4 Nb6 15. c5 Na4 16. Ke3 Nb2 17. Rdb1 Nc4+ 18.
Ke2 e5 19. dxe5 Rhe8 20. Rd1 Nxe5 21. Rxd8+ Kxd8 22. Rd1+ Kc8 23. Bh3+ Bd7 24. Bxd7+ Nxd7+ 25. Kf1 Nxc5 26. Rd5 Ne4 27. Rh5 Rh8 28. Nd4 c5 29. f3 Nxg3+ 30. hxg3 cxd4 31. Ke2 Re8+ 32. Kd2 Re3 33.
Rxh7 Rxf3 34. Rxf7 Rxg3 35. Rxf6 Ra3 36. Rd6 Rxa2 37.
Rxd4 Kc7 38. Rh4 Ra1 39. Kc3 Rb1 40. Kd2 Kb6 41. c3 Rb2+ 42. Kc1 Rg2 43. Kb1 a5 44. Rh7 Kc6 45. Rf7 b6 46. Rf4 Kc5 47. Rh4 Rf2 48. Rg4 Rh2 49. Rf4 b5 50. Rg4 Re2 51. Rh4 Kd5 52.
Rg4 Re4 53. Rg2 Kc4 54. Kc2 Rh4 55. Rf2 a4 56. Rg2 a3 57. Rf2 Rg4 58. Rh2 Rf4 59.
Rg2 a2 60. Kb2 a1=Q+ 61. Kxa1 Kxc3 62. Rg3+ Kc2 63. Rg2+ Kc3 64. Rg3+ Kc2 65. Rg2+ Kb3 66. Rg3+ Ka4 67. Kb2 Rf2+ 68. Kb1 Rh2 69. Rf3 b4 70. Rg3 Rf2 71. Rh3 b3 72. Rh8 Rf1+ 73. Kb2 Rf2+ 74. Kb1 Rg2 75. Ra8+ Kb4 76. Rb8+ Kc4 77. Rc8+ Kb4 78.
Rb8+ Ka4 79. Ra8+ Kb5 80. Rb8+ Kc4 81. Rc8+ Kd4 82. Rb8 Kc3 83. Rc8+ Kd3 84. Rb8 Kc3 85. Rc8+ Kd3 86. Rc7 Rh2 87. Rc6 Rg2 88. Rc8 Rf2 89.
Rc7 Rg2 90. Rd7+ Kc3 91. Rc7+ Kd3 92. Rb7 Kc3 93. Rc7+ Kd3 1/2-1/2

[Event "*** Titled Tuesday Blitz"]
[Site "Chess.com"]
[Date "2021.03.09"]
[Round "8"]
[White "Jospem"]
[Black "DenLaz"]
[Result "0-1"]
[WhiteElo "2927"]
[BlackElo "2842"]
[TimeControl "180+1"]
[EndTime "11:33:45 PST"]
[Termination "DenLaz won on time"]

1. e4 e5 2. Nf3 Nc6 3. Bb5 a6 4. Ba4 Nf6 5. d3 d6 6. c3 g6 7. Be3 Bg7 8. O-O O-O 9. Nbd2 b5 10. Bb3 Bb7 11. h3 Nb8 12. Re1 Nbd7 13. Nf1 c5 14. Ng3 d5 15. Bg5 c4 16. dxc4 dxc4 17. Bc2 Qc7 18. Qc1 Nc5 19. Qe3 Ne6 20. Bh6 Nf4 21.
Bxg7 Kxg7 22. Ne2 Nxe2+ 23. Rxe2 Rfd8 24. Qg5 Nd7 25. h4 f6 26. Qg3 Nf8 27. Nh2 Ne6 28.
Qe3 Nf4 29. Ree1 h5 30. Rad1 Ne6 31. Qh3 Nf4 32. Qe3 Ne6 33. Qh3 Nf4 34. Qf3 Rxd1 35.
Rxd1 Rd8 36. Nf1 Rd6 37. g3 Ne6 38. Ne3 Qd8 39. Rxd6 Qxd6 40. Qxh5 gxh5 41. Nf5+ Kf8 42. Nxd6 Bc6 43. Nf5 Nc5 44. f3 Bd7 45. Ne3 Be6 46.
Kf2 Ke7 47. a3 Nd7 48. f4 Nc5 49. Kf3 Bf7 50. Nd1 Be6 51. Nf2 Bf7 52. Ke3 Kd6 53. Bd1 Bg6 54. f5 Bf7 55. Kd2 Ke7 56. g4 hxg4 57. Bxg4 Kf8 58. Bf3 Kg7 59. Bd1 Kh6 60. Ng4+ Kg7 61. Nf2 Kh6 62. Ke3 Bh5 63. Bc2 Kg7 64.
Nh1 Kh6 65. Ng3 Bg4 66. Kf2 Kg7 67. Nf1 Bh5 68. Ne3 Bf7 69. Kg3 Kh6 70. Kh3 Kg7 71. Kg4 Kh6 72. Kg3 Kg7 73. Ng4 Bh5 74. Nf2 Be2 75.
Kg2 Nd3 76. Nh1 Nxb2 77. Nf2 Nd3 78. Kg3 Nf4 79. Ng4 Bxg4 80. Kxg4 Ne2 81. Kf3 Nxc3 82.
Ke3 a5 83. Bb3 cxb3 84. Kd3 b2 85. Kxc3 b1=Q 0-1

[Event "*** Titled Tuesday Blitz"]
[Site "Chess.com"]
[Date "2021.03.09"]
[Round "8"]
[White "mbojan"]
[Black "Cherone"]
[Result "1-0"]
[WhiteElo "2624"]
[BlackElo "2471"]
[TimeControl "180+1"]
[EndTime "11:33:57 PST"]
[Termination "mbojan won on time"]

1. g3 d5 2. Bg2 Nc6 3. d3 e5 4. a3 a5 5. Nc3 Nf6 6. Bg5 d4 7. Ne4 Be7 8. Nxf6+ Bxf6 9. Bd2 O-O 10. Nf3 Be6 11. O-O Qd7 12. c3 a4 13. cxd4 exd4 14. Rc1 Bd5 15. Bf4 Rfe8 16. Rc5 Bb3 17. Qd2 Re7 18.
Bg5 Bxg5 19. Nxg5 Rae8 20. Re1 Re5 21. Bxc6 bxc6 22. Rxe5 Rxe5 23. Nf3 Rb5 24. Qf4 Bd5 25. Qxd4 c5 26. Qxa4 h6 27. Ne5 Qe8 28. e4 Bb3 29. Qa6 Rb6 30. Qa5 Qxe5 31. Rc1 Rf6 32. Qc3 Qxc3 33.
Rxc3 Rb6 34. Rxc5 c6 35. Kf1 Be6 36. b4 Ra6 37. Rc3 Kf8 38. d4 Ke7 39. Ke2 f5 40. f3 fxe4 41. fxe4 Kd7 42. Ke3 Ra8 43. Kf4 Kd6 44.
e5+ Kd7 45. Ke4 Bd5+ 46. Kf5 Bf7 47. g4 g6+ 48. Kf6 Be6 49. Kg7 Bxg4 50. Kxh6 Be6 51. Kxg6 Bd5 52. Kf6 Rf8+ 53. Kg5 Rg8+ 54. Kf4 Rh8 55. Kg3 Rg8+ 56. Kf2 Rf8+ 57. Ke2 Ra8 58. h3 Rh8 59. a4 Rg8 60. a5 Rg2+ 61. Ke3 Rg3+ 62.
Kd2 Rg2+ 63. Kc1 Ra2 64. h4 Ke6 65. h5 Kf5 66. Rg3 Rh2 67. a6 Rxh5 68. a7 Rh8 69. Ra3 Ra8 70. Kd2 Ke4 71. Kc3 Kf5 72. Ra6 Ke6 73. b5 Kd7 74. bxc6+ Bxc6 75. Kc4 Kc7 76.
Kc5 Bb7 77. Ra1 Be4 78. d5 Kb7 79. e6 Rc8+ 80. Kd4 Bf3 81. Ke5 Ka8 82. d6 Rc5+ 83.
Kf6 Bg4 84. e7 Bd7 85. Rb1 Kxa7 86. Rg1 Rf5+ 87. Kg7 Rd5 88. Rc1 Rxd6 89. Rc7+ 1-0

[Event "*** Titled Tuesday Blitz"]
[Site "Chess.com"]
[Date "2021.03.09"]
[Round "8"]
[White "gusmaster2262"]
[Black "stepakyedael"]
[Result "1-0"]
[WhiteElo "2189"]
[BlackElo "2278"]
[TimeControl "180+1"]
[EndTime "11:33:58 PST"]
[Termination "gusmaster2262 won by checkmate"]

1. e4 c5 2. Nf3 e6 3. c3 a6 4. d4 Qc7 5. Bd3 d6 6. O-O e5 7. a4 b6 8. Re1 Nf6 9. Nbd2 Be7 10. Nc4 Nc6 11. d5 Na5 12. Nxa5 bxa5 13. Nd2 O-O 14. Nc4 Nd7 15. h3 Rb8 16. f4 exf4 17.
Bxf4 Nb6 18. Nxa5 Bf6 19. Nc6 Ra8 20. a5 Nd7 21. Qf3 Bb7 22. e5 dxe5 23. Qe4 g6 24. Bh6 Rfe8 25. Rf1 Qd6 26. Bc4 Bg7 27. Bxg7 Kxg7 28.
g4 Nf6 29. Qf3 e4 30. Qf2 Bxc6 31. dxc6 Qe5 32. Rae1 Ra7 33. c7 Rxc7 34. Bxa6 Rce7 35.
Bc4 Nd5 36. Bxd5 Qxd5 37. Qf6+ Kg8 38. Rd1 Qe5 39. Qxe5 Rxe5 40. a6 e3 41. Ra1 Ra8 42. Rfe1 Re6 43. b4 cxb4 44. cxb4 Rexa6 45. Rxa6 Rxa6 46. Rxe3 Rb6 47. Rb3 Rb5 48. Kf2 Kf8 49. Ke3 Ke7 50.
Kd4 Kd6 51. Kc4 Rb8 52. b5 Kc7 53. Rf3 Kd6 54. Rxf7 Rc8+ 55. Kb4 h5 56. gxh5 gxh5 57. Rf5 Rh8 58. Rg5 h4 59. Rg4 Kd5 60. Rg5+ Ke4 61.
b6 Kf4 62. Rg4+ Kf3 63. Kb5 Re8 64. b7 Re1 65. Kb6 Rb1+ 66. Kc7 Rc1+ 67. Kd8 Rd1+ 68. Kc8 Rc1+ 69. Kd7 Rd1+ 70. Kc6 Rc1+ 71. Kb5 Rb1+ 72. Rb4 Rxb4+ 73. Kxb4 Kg3 74. b8=Q+ Kxh3 75. Qf4 Kg2 76.
Qxh4 Kf3 77. Qg5 Ke4 78. Kb3 Kd3 79. Kb2 Kc4 80. Qf4+ Kd3 81. Kb3 Ke2 82. Qe4+ Kd2 83.
Kb2 Kd1 84. Qd3+ Ke1 85. Kc3 Kf2 86. Kd4 Kg2 87. Ke4 Kf2 88. Qf3+ Ke1 89. Qg2 Kd1 90. Kd3 Kc1 91. Qc2# 1-0

[Event "*** Titled Tuesday Blitz"]
[Site "Chess.com"]
[Date "2021.03.09"]
[Round "8"]
[White "Gerasimenyuk_Miha"]
[Black "SanchezKelvin"]
[Result "0-1"]
[WhiteElo "2437"]
[BlackElo "2591"]
[TimeControl "180+1"]
[EndTime "11:34:07 PST"]
[Termination "SanchezKelvin won by resignation"]

1. d4 Nf6 2. Nf3 c5 3. c3 d5 4. Bg5 Ne4 5. Bh4 Nc6 6. Nbd2 Nxd2 7. Qxd2 cxd4 8. Nxd4 Qb6 9. e3 e5 10. Nb5 Be6 11. Bg3 Be7 12. Be2 O-O 13. O-O Rac8 14. a4 a6 15. Na3 Rfd8 16. h3 d4 17. exd4 exd4 18. Nc4 Bxc4 19. Bxc4 Bf6 20. Qf4 Ne5 21. Ba2 Qxb2 22. cxd4 Rxd4 23. Qf5 Qc2 24. Qh5 Qg6 25.
Qe2 Nc6 26. Rad1 Re4 27. Qf3 Nd4 28. Rxd4 Rxd4 29. Qxb7 Rcd8 30. Qxa6 Rd2 31. Bc4 Bd4 32. Kh2 Qxa6 33. Bxa6 Ra2 34. Bb5 Bf6 35. Rc1 h6 36. Rc7 Ra1 37. Bc4 Rxa4 38. Bxf7+ Kh8 39. Bg6 Ra5 40. h4 Be5 41. Bxe5 Rxe5 42. h5 Rf8 43.
f4 Re6 44. f5 Ref6 45. Kh3 Rb8 46. Rd7 Rff8 47. g3 Rfd8 48. Re7 Rf8 49. Kh4 Rbc8 50.
g4 Rb8 51. Kg3 Rb3+ 52. Kf4 Rbb8 53. g5 Rb4+ 54. Kg3 hxg5 55. Re3 Rf4 56. Rd3 R4xf5 57. Kg4 Rc5 58. Re3 Kg8 59. Kg3 Kh8 60. Kg4 Rc7 61. Kxg5 Rc5+ 62. Kg4 Rc6 63. Re5 Rcf6 64. Kg5 Rf1 65.
Kg4 Rg1+ 66. Kh3 Ra1 67. Re3 Ra7 68. Kg3 Kg8 69. Rd3 Rc8 70. Re3 Kf8 71. Rf3+ Kg8 72. Re3 Kh8 73. Kh3 Rac7 74. Kg4 Rc4+ 75. Kf3 Rc3 76. Bd3 Rf8+ 77. Ke2 Rc5 78. Bg6 Rcc8 79. Re7 Rb8 80. Ke3 Kg8 81. Kd4 Rb2 82. Kc3 Rbf2 83. Kd4 Rf1 84. Ke3 Re1+ 85. Kd4 Rxe7 86. Kd5 Rd8+ 87.
Kc6 Rd2 88. Kc5 Re1 89. Kb4 Rc1 90. Kb3 Rc7 0-1

[Event "*** Titled Tuesday Blitz"]
[Site "Chess.com"]
[Date "2021.03.09"]
[Round "8"]
[White "SlavenPastar"]
[Black "onnoelgersma"]
[Result "0-1"]
[WhiteElo "2527"]
[BlackElo "2404"]
[TimeControl "180+1"]
[EndTime "11:34:15 PST"]
[Termination "onnoelgersma won by checkmate"]

1. b3 d5 2. Bb2 Nf6 3. f4 Bg4 4. Nf3 Bxf3 5. exf3 e6 6. Nc3 c5 7. d4 Nc6 8. Bb5 Rc8 9. f5 exf5 10. Qd3 cxd4 11. Ne2 Bb4+ 12. Kf2 O-O 13. Qxf5 Re8 14. Rhd1 Re5 15. Qh3 Rh5 16. Qg3 Bd6 17. Nf4 Rf5 18. Bc1 Qc7 19. Qh3 Rxf4 20. Bxf4 Bxf4 21. g3 Be3+ 22.
Kg2 Ne5 23. Bd3 Nxd3 24. cxd3 Qc2+ 25. Kh1 Re8 26. Qg2 Qxg2+ 27. Kxg2 Rc8 28. a4 Rc2+ 29. Kh1 h5 30. a5 a6 31. b4 g5 32. Rab1 h4 33. g4 Bf4 34. b5 Rxh2+ 35. Kg1 Ra2 36.
bxa6 bxa6 37. Rb6 Nd7 38. Rxa6 Ne5 39. Rf1 Nxd3 40. Ra8+ Kg7 41. a6 Ne5 42. a7 h3 43.
Kh1 h2 44. Rd8 Rxa7 45. Rxd5 Ra2 46. Rxd4 Nc6 47. Re4 Na5 48. Rb1 Nc6 49. Rd1 Ne7 50.
Rxe7 Kf6 51. Re4 Rf2 52. Ree1 Rxf3 53. Rf1 Rxf1+ 54. Rxf1 Ke5 55. Kg2 f6 56. Re1+ Kd6 57. Kf3 Kd5 58. Rd1+ Ke5 59. Re1+ Kd5 60. Rd1+ Ke6 61.
Ke4 Be5 62. Rf1 Bf4 63. Rb1 Be5 64. Rb6+ Kf7 65. Rb7+ Kg6 66. Rb1 Bf4 67. Ra1 Be5 68. Rh1 Bf4 69. Rb1 Be5 70. Rf1 Bf4 71. Kf3 f5 72. Rh1 Kf6 73. Rd1 Ke5 74. Re1+ Kf6 75. Ra1 fxg4+ 76. Kxg4 Ke5 77. Ra5+ Ke4 78. Ra1 Ke3 79.
Kh3 Kf2 80. Ra2+ Kf3 81. Ra3+ Ke4 82. Ra4+ Kf5 83. Ra2 g4+ 84. Kg2 g3 85. Ra5+ Kg4 86. Ra4 Kf5 87. Ra1 Kg4 88. Rf1 Be5 89. Rh1 Bf4 90. Rf1 Be5 91. Rd1 Bf4 92. Rd8 Kf5 93.
Rg8 Ke4 94. Rf8 Ke3 95. Re8+ Kd4 96. Rh8 Ke3 97. Rh4 Ke4 98. Kf1 Kf3 99. Rh3 Kg4 100. Rh8 Kf3 101. Rh3 Bg5 102. Rh5 g2+ 103. Ke1 g1=Q# 0-1

[Event "*** Titled Tuesday Blitz"]
[Site "Chess.com"]
[Date "2021.03.09"]
[Round "8"]
[White "TimofeevAr"]
[Black "Aradhya2000"]
[Result "1/2-1/2"]
[WhiteElo "2876"]
[BlackElo "2578"]
[TimeControl "180+1"]
[EndTime "11:34:23 PST"]
[Termination "Game drawn by stalemate"]

1. c4 e5 2. e3 Nf6 3. Nc3 Nc6 4. d3 g6 5. Nf3 Bg7 6. Be2 O-O 7. O-O d5 8. cxd5 Nxd5 9. Bd2 Nxc3 10. Bxc3 a5 11. Rc1 Be6 12. a3 h6 13. Nd2 Qe7 14. Qa4 Rfd8 15. Rfd1 Kh7 16. Qc2 Rd7 17. Bf3 Bd5 18. Bxd5 Rxd5 19. Qb3 Qd7 20. Nf3 a4 21. Qc2 Rd8 22.
Qxa4 Rxd3 23. Rxd3 Qxd3 24. h3 Rd5 25. e4 Qb5 26.
Qc2 Rd7 27. b4 Nd4 28. Bxd4 exd4 29. Qc4 Qa4 30. Qd3 b6 31. e5 Qa8 32. e6 Re7 33. exf7 Rxf7 34. Nh4 Rf6 35. Rxc7 Qf8 36. Nf3 Rf4 37.
Rd7 Qf6 38. a4 Qc6 39. Qb5 Qxb5 40. axb5 d3 41. Rxd3 Rxb4 42. Rd5 Kg8 43. Kf1 Kf7 44. Rd7+ Kf8 45. Rd6 Rxb5 46. Rxg6 Rb1+ 47. Ke2 Rb2+ 48. Ke3 Rb3+ 49. Kf4 Rb2 50. Kg3 b5 51. Rb6 b4 52.
Ne1 Bd4 53. Rb8+ Kf7 54. Nf3 Bxf2+ 55. Kf4 Bc5 56. Ke4 Ke6 57. g4 Re2+ 58. Kd3 Re3+ 59. Kc4 Rxf3 60. Kxc5 Rxh3 61. Rxb4 Kf6 62. Rf4+ Kg5 63.
Rb4 Rg3 64. Kd5 Rxg4 65. Rb8 h5 66. Rh8 h4 67. Ke5 Rg3 68. Ke4 Kg4 69. Rh7 Kh3 70.
Kf4 Rg1 71. Kf3 Rg8 72. Kf2 Rf8+ 73. Kg1 Ra8 74. Kf2 Ra1 75. Kf3 Ra2 76. Rh8 Ra4 77.
Kf2 Kh2 78. Kf3 h3 79. Rh7 Ra3+ 80. Kf2 Ra2+ 81. Kf3 Rb2 82. Rh8 Rc2 83. Rh7 Rc3+ 84. Kf2 Rc1 85. Rh8 Rc2+ 86. Kf3 Rb2 87. Rh7 Rb1 88. Kf2 Rb3 89. Rh8 Rb6 90. Rf8 Rg6 91.
Rf7 Rg2+ 92. Kf1 Kh1 93. Rh7 h2 94. Rf7 Rg6 95. Kf2 Ra6 96. Kf1 Ra2 97. Rf6 Ra1+ 98. Kf2 Ra2+ 99. Kf1 Ra1+ 100. Kf2 Rf1+ 101. Kxf1 1/2-1/2

[Event "*** Titled Tuesday Blitz"]
[Site "Chess.com"]
[Date "2021.03.09"]
[Round "8"]
[White "Aygehovit1992"]
[Black "Niktlt"]
[Result "0-1"]
[WhiteElo "2630"]
[BlackElo "2469"]
[TimeControl "180+1"]
[EndTime "11:34:33 PST"]
[Termination "Niktlt won by resignation"]

1. e4 e6 2. d4 d5 3. Nc3 Bb4 4. Ne2 dxe4 5. a3 Be7 6. Nxe4 Nf6 7. Nxf6+ Bxf6 8. Be3 O-O 9. Nf4 Nc6 10. c3 e5 11.
Nh5 exd4 12. Nxf6+ Qxf6 13. cxd4 Bf5 14. Be2 Qg6 15. Bf3 Be4 16. Rc1 Rad8 17. O-O Rfe8 18. Bxe4 Qxe4 19. Qb3 b6 20. d5 Na5 21. Qc3 Qxd5 22. Qxc7 Rd7 23. Qg3 Nc4 24. Bh6 f6 25. Rce1 Rxe1 26. Rxe1 Ne5 27. h3 Qd3 28. Bf4 Qxg3 29.
Bxg3 Nc4 30. Re2 Rd1+ 31. Kh2 Rd7 32. a4 a6 33. b3 Na5 34. b4 Nc4 35. Re8+ Kf7 36.
Ra8 a5 37. b5 Nb2 38. f3 Nxa4 39. Bf2 Nc3 40. Bxb6 Nxb5 41. Rxa5 Nd4 42. h4 Ne6 43. Be3 g6 44. g4 Kg7 45. Kg3 Rf7 46. Ra6 Re7 47.
Bc1 Nc7 48. Ra7 Nd5 49. Ra5 Rd7 50. Bb2 Ne7 51. Ra6 Nd5 52. g5 Kf7 53. Bxf6 Nxf6 54.
Rxf6+ Kg7 55. Ra6 Re7 56. Kg4 Rd7 57. h5 Rd4+ 58. f4 gxh5+ 59. Kf5 Rd5+ 60. Ke4 Rd7 61.
f5 h4 62. Kf4 Rd4+ 63. Ke5 Rd7 64. Rh6 Re7+ 65. Kf4 Ra7 66. f6+ Kg8 67. Rxh4 Ra4+ 68.
Kg3 Ra3+ 69. Kg4 Ra4+ 70. Kh5 Ra1 71. Rd4 Rh1+ 72. Kg4 Rg1+ 73. Kf5 Rf1+ 74. Ke5 Re1+ 75. Re4 Ra1 76. Kf5 Ra5+ 77. Kg4 Ra1 78. Re8+ Kf7 79.
Re7+ Kg8 80. Rg7+ Kh8 81. Rb7 Kg8 82. Rb8+ Kf7 83. Rh8 Rg1+ 84. Kf4 Rf1+ 85. Ke3 Kg6 86. Rg8+ Kh5 87. Rg7 h6 88. f7 hxg5 89. Ke4 Kh6 90. Rg8 Rxf7 91. Ke3 Kh5 92. Re8 g4 93.
Rg8 Kh4 94. Rh8+ Kg3 95. Rh1 Kg2 96. Ra1 g3 97. Ra2+ Kh3 98. Ra8 g2 99. Rg8 Kh2 100. Rh8+ Kg1 101. Ke2 Re7+ 102. Kf3 Kf1 103. Ra8 Rf7+ 0-1

[Event "*** Titled Tuesday Blitz"]
[Site "Chess.com"]
[Date "2021.03.09"]
[Round "9"]
[White "Skatchkov_V"]
[Black "BahadirOzen"]
[Result "1/2-1/2"]
[WhiteElo "2642"]
[BlackElo "2775"]
[TimeControl "180+1"]
[EndTime "11:42:57 PST"]
[Termination "Game drawn by agreement"]

1. c4 g6 2. Nf3 Bg7 3. d4 d6 4. g3 Nf6 5. Bg2 O-O 6. O-O c6 7. Nc3 Bf5 8. Nh4 Be6 9. b3 d5 10.
cxd5 cxd5 11. Nf3 Nc6 12. Bb2 Rc8 13. Rc1 Ne4 1/2-1/2

[Event "*** Titled Tuesday Blitz"]
[Site "Chess.com"]
[Date "2021.03.09"]
[Round "9"]
[White "ecwinslow"]
[Black "TooOldTooSlow70"]
[Result "0-1"]
[WhiteElo "2205"]
[BlackElo "2463"]
[TimeControl "180+1"]
[EndTime "11:43:05 PST"]
[Termination "TooOldTooSlow70 won by resignation"]

1. e4 e5 2. Nf3 d6 3. d4 exd4 4. Nxd4 Nf6 5. Nc3 Be7 6. g3 d5 7.
e5 Ng4 8. f4 c6 9. h3 Nh6 10. Be3 c5 11. Ndb5 a6 12. Nd6+ Bxd6 13. exd6 d4 0-1

[Event "*** Titled Tuesday Blitz"]
[Site "Chess.com"]
[Date "2021.03.09"]
[Round "9"]
[White "Tactictic"]
[Black "BeanScreen"]
[Result "0-1"]
[WhiteElo "2423"]
[BlackElo "2660"]
[TimeControl "180+1"]
[EndTime "11:43:15 PST"]
[Termination "BeanScreen won by resignation"]

1. e4 e5 2. Nf3 Nc6 3. Bc4 Nf6 4. d3 Be7 5. O-O O-O 6. Re1 d6 7. a4 Be6 8. Na3 h6 9. Bxe6 fxe6 10. Nc4 Qe8 11.
h3 Nh5 12. Nh2 Qg6 13. Qg4 Qf7 14. Bd2 Qxf2+ 15. Kh1 Ng3+ 0-1

[Event "*** Titled Tuesday Blitz"]
[Site "Chess.com"]
[Date "2021.03.09"]
[Round "9"]
[White "anon219"]
[Black "Hikaru"]
[Result "0-1"]
[WhiteElo "2879"]
[BlackElo "3167"]
[TimeControl "180+1"]
[EndTime "11:43:59 PST"]
[Termination "Hikaru won by resignation"]

1. e4 c6 2. Nf3 d5 3. d3 Bg4 4. h3 Bh5 5. Nc3 e6 6. g4 Bg6 7. h4 h6 8. Ne5 Bh7 9. Qf3 f6 10. exd5 cxd5 11. Nc4 dxc4 12. Qxb7 Nd7 13. Nb5 Rb8 14.
Nc7+ Kf7 15. Nxe6 Qa5+ 16. Bd2 Qe5+ 0-1

[Event "*** Titled Tuesday Blitz"]
[Site "Chess.com"]
[Date "2021.03.09"]
[Round "9"]
[White "ErikBlomqvist"]
[Black "AsaHoffmann"]
[Result "1-0"]
[WhiteElo "2596"]
[BlackElo "2425"]
[TimeControl "180+1"]
[EndTime "11:44:04 PST"]
[Termination "ErikBlomqvist won by resignation"]

1. e4 d6 2. d4 Nf6 3. Nc3 c6 4.
Nf3 Bg4 5. h3 Bh5 6. Qe2 e6 7.
g4 Bg6 8. g5 Nfd7 9. h4 Bh5 10.
Bd2 d5 11. O-O-O Na6 12. Qe3 Be7 13. Be2 Qb6 14. Kb1 Nc7 15. Na4 dxe4 16. Nxb6 Nxb6 17.
Ne5 1-0

[Event "*** Titled Tuesday Blitz"]
[Site "Chess.com"]
[Date "2021.03.09"]
[Round "9"]
[White "tusplingher"]
[Black "maximnovik"]
[Result "0-1"]
[WhiteElo "2327"]
[BlackElo "2554"]
[TimeControl "180+1"]
[EndTime "11:44:23 PST"]
[Termination "maximnovik won by resignation"]

1. e4 c6 2. Nc3 d5 3. Nf3 dxe4 4. Nxe4 Nf6 5. Qe2 Nxe4 6. Qxe4 Qd5 7. Qxd5 cxd5 8. d4 Nc6 9. c3 Bg4 10. Bb5 Bxf3 11.
gxf3 e6 12. Bf4 Rc8 13. Rg1 a6 14. Bxc6+ Rxc6 15. O-O-O g6 16. Be5 Rg8 17. f4 Be7 18. Rde1 f6 19. Bb8 Kd7 20. Ba7 b6 21. f5 exf5 22. Rg3 Bd6 23. Rh3 h5 24. Rg1 Kc7 25.
Rxh5 Kb7 26. Rh7+ Rc7 27. Rh6 Bf4+ 0-1

[Event "*** Titled Tuesday Blitz"]
[Site "Chess.com"]
[Date "2021.03.09"]
[Round "9"]
[White "urutodo"]
[Black "lacafi"]
[Result "1-0"]
[WhiteElo "2317"]
[BlackElo "2156"]
[TimeControl "180+1"]
[EndTime "11:44:27 PST"]
[Termination "urutodo won by resignation"]

1. e4 c6 2. d4 d5 3. Nc3 dxe4 4.
Nxe4 Nf6 5. Nxf6+ exf6 6. Nf3 Bd6 7. Be2 O-O 8. O-O Re8 9. Re1 Nd7 10. Bd2 Nf8 11. Bf1 Bg4 12. Rxe8 Qxe8 13. h3 Bh5 14. c3 Qd7 15. Be2 Re8 16. Be3 Ne6 17. Nh4 Bxe2 18. Qxe2 Nf4 19. Qf3 Nd5 20. Nf5 Bf8 21. Qg4 g6 22.
Nh6+ 1-0

[Event "*** Titled Tuesday Blitz"]
[Site "Chess.com"]
[Date "2021.03.09"]
[Round "9"]
[White "beautroll"]
[Black "samidescalona2002"]
[Result "1-0"]
[WhiteElo "2447"]
[BlackElo "2280"]
[TimeControl "180+1"]
[EndTime "11:44:29 PST"]
[Termination "beautroll won by resignation"]

1. e4 c5 2. Nf3 d6 3. d4 cxd4 4. Nxd4 Nf6 5. Nc3 a6 6. h3 e5 7.
Nde2 h5 8. Bg5 Be7 9. Ng3 g6 10. Bc4 h4 11. Nge2 Nbd7 12. Qd2 b5 13. Bb3 Bb7 14.
f3 Rc8 15. a3 Nb6 16. O-O Nc4 17.
Bxc4 Rxc4 18. Rad1 Rc8 19. Bxf6 Bxf6 20. Qxd6 Qxd6 21.
Rxd6 Be7 22. Rd3 Bc5+ 23. Kh2 Bb6 24. Rfd1 Ke7 25. Rd7+ 1-0

[Event "*** Titled Tuesday Blitz"]
[Site "Chess.com"]
[Date "2021.03.09"]
[Round "9"]
[White "Ze-Pequeno"]
[Black "bazar-wokzal"]
[Result "0-1"]
[WhiteElo "2261"]
[BlackElo "2456"]
[TimeControl "180+1"]
[EndTime "11:44:39 PST"]
[Termination "bazar-wokzal won by resignation"]

1. e4 c5 2. Nf3 d6 3. d4 cxd4 4.
Nxd4 Nf6 5. Nc3 g6 6. Be3 Bg7 7. f3 a6 8. Qd2 b5 9. O-O-O h5 10.
Kb1 Bb7 11. Nde2 Nbd7 12. Nd5 Nxd5 13. exd5 Qc7 14. Bd4 Ne5 15. f4 Nc4 16. Qc3 Bxd4 17. Nxd4 O-O-O 18. Ka1 Nb6 0-1

[Event "*** Titled Tuesday Blitz"]
[Site "Chess.com"]
[Date "2021.03.09"]
[Round "9"]
[White "volkanyirik"]
[Black "Mr_Sinigami"]
[Result "0-1"]
[WhiteElo "2414"]
[BlackElo "2587"]
[TimeControl "180+1"]
[EndTime "11:44:45 PST"]
[Termination "Mr_Sinigami won by resignation"]

1. e4 d5 2. exd5 Nf6 3. d4 Nxd5 4.
Nf3 g6 5. c3 Bg7 6. h3 O-O 7.
Bc4 Nb6 8. Bb3 Nc6 9. O-O e5 10. dxe5 Nxe5 11. Nxe5 Bxe5 12. Qxd8 Rxd8 13. Bg5 Re8 14.
Na3 c6 15. Nc4 Bc7 16. Rfe1 Bf5 17. Na5 Kg7 18. Nxb7 Nd7 19. Be3 Rab8 20. Nc5 Rxe3 21.
Nxd7 Rxe1+ 22. Rxe1 Bxd7 23. Re7 Rd8 24. Rxf7+ Kh8 25.
h4 Bb6 26. h5 gxh5 27. Bc2 Be8 28. Rxh7+ Kg8 29. Rh6 Kg7 30. Re6 Rd2 31. Bb3 Rxf2 32. Kh2 Bg6 0-1

[Event "*** Titled Tuesday Blitz"]
[Site "Chess.com"]
[Date "2021.03.09"]
[Round "9"]
[White "JimmmyZhang"]
[Black "Vugar_Manafov"]
[Result "1-0"]
[WhiteElo "2484"]
[BlackElo "2667"]
[TimeControl "180+1"]
[EndTime "11:44:52 PST"]
[Termination "JimmmyZhang won by resignation"]

1. Nf3 Nf6 2. c4 e6 3. b3 d5 4. Bb2 Nbd7 5. e3 c6 6. d4 Ne4 7.
Bd3 f5 8. Nc3 Bd6 9. O-O O-O 10.
Ne2 Rf6 11. Ne5 Rh6 12. f4 Ndf6 13. h3 Bxe5 14. dxe5 Nd7 15. Bxe4 fxe4 16. cxd5 cxd5 17. Rc1 Nb6 18. a4 Bd7 19. a5 Nc8 20. f5 Ne7 21.
f6 Nf5 22. Rxf5 exf5 23. Qxd5+ Kh8 24. fxg7+ Kxg7 25. e6+ Kf8 26. exd7 Qe7 27. Rc8+ 1-0